 Dungeon Crawl Stone Soup version 0.29-a0-40-g8eb35efe60 (webtiles) character file.

Game seed: 99733047225951909

8 vineage the Cudgeller (level 2, 22/23 HPs)
             Began as a Demonspawn Gladiator on Feb 1, 2022.
             Quit the game on level 1 of the Dungeon.
             The game lasted 00:00:27 (281 turns).

vineage the Cudgeller (Demonspawn Gladiator)         Turns: 281, Time: 00:00:27

Health: 22/23      AC:  3    Str: 14    XL:     2   Next: 0%
Magic:  2/2        EV: 12    Int:  9    God:
Gold:   38         SH:  0    Dex: 14    Spells: 1/1 levels left

rFire   . . .      SeeInvis .   a - +0 flail
rCold   . . .      Faith    .   (no shield)
rNeg    . . .      Spirit   .   b - +0 leather armour
rPois   .          Reflect  .   (helmet restricted)
rElec   .          Harm     .   (no cloak)
rCorr   .          Rampage  .   (no gloves)
Will    .....                   (no boots)
Stlth   +.........              (no amulet)
HPRegen 0.07/turn               (no ring)
MPRegen 0.08/turn               (no ring)

@: no status effects
A: antennae 1
a: no special abilities


You were on level 1 of the Dungeon.
You visited 1 branch of the dungeon, and saw 1 of its levels.

You collected 38 gold pieces.

Inventory:

Hand Weapons
 a - a +0 flail (weapon)
Missiles
 d - 3 throwing nets (quivered)
Armour
 b - a +0 leather armour (worn)
 c - a +0 helmet
Scrolls
 e - a scroll of identify {unknown}
 f - a scroll of torment {unknown}
Potions
 g - a potion of might {unknown}


   Skills:
 * Level 2.5 Fighting
 + Level 2.9 Maces & Flails
 - Level 1.7 Throwing
 - Level 2.6 Dodging


You had one spell level left.
You didn't know any spells.
Your spell library was empty.

Dungeon Overview and Level Annotations

Branches:
Dungeon (1/15)

Altars:


Innate Abilities, Weirdness & Mutations

You have a pair of small antennae on your head.


Message History

No target in view!
No target in view!
No target in view!
No target in view!
No target in view!
No target in view!
No target in view!
You see here a rat corpse.
Found a stone staircase leading down.
g - a fizzy puce potion You now have 28 gold pieces (gained 7).
You see here a +0 spear.
Found an escape hatch in the floor.
Found a leather armour.
You now have 38 gold pieces (gained 10).
You see here a +0 leather armour.
A kobold comes into view. It is wielding a +0 dagger.
The kobold shouts!
You hear a shout!
The kobold moves out of view.
A kobold is nearby!
A frilled lizard comes into view.
The frilled lizard hisses angrily.
You barely miss the kobold. The kobold hits you with a +0 dagger.
The kobold barely misses you.
You sock the kobold!
You kill the kobold!
You hit the frilled lizard.
You kill the frilled lizard!
A goblin comes into view. It is wielding a +0 dagger.
Things that are here:
a +0 dagger; a kobold corpse The goblin misses you.
You sock the goblin!
You kill the goblin!
You have reached level 2!
You feel monstrous as your demonic heritage exerts itself.
Your demonic ancestry asserts itself...
A pair of antennae grows on your head!
Your +0 helmet falls away!
Are you sure you want to abandon this character and quit the game? (Confirm with "yes".)

#.. #...... ..........#
#..##...... ..........#
#..........
..........####..##......
..........##...> #......
................ #......
................##......
.......)........##......
.......@.....##.........
..........##.##.......).
#########)# #..†......
#.# #...######
#.#####...######
#...............
#######...#.####
#...#.#### #.^.#....#


There were no monsters in sight!

Vanquished Creatures
  A bat (D:1)
  2 endoplasms (D:1)
  A goblin (D:1)
  2 frilled lizards (D:1)
  A kobold (D:1)
  A rat (D:1)
8 creatures vanquished.

Notes
Turn   | Place    | Note
-------+----------+-------------------------------------------
     0 | D:1      | vineage the Demonspawn Gladiator began the quest for the
                  | Orb.
     0 | D:1      | Reached XP level 1. HP: 16/16 MP: 1/1
   281 | D:1      | Discovered your monstrous ancestry.
   281 | D:1      | Gained mutation: You have a pair of small antennae on your
                  | head. [demonic ancestry]
   281 | D:1      | Reached XP level 2. HP: 22/23 MP: 2/2
   281 | D:1      | Quit the game

Illustrated notes

Levels and vault maps discovered:
D:1:      zaba_arrival_water, layout_basic, ebering_ecumenical_altar_hall

Action                   || total
-------------------------++-------
Melee: Flail             ||    12
Armor: Leather armour    ||     1
Dodge: Dodged            ||     7

Table legend: (Time is in decaauts)
 A = Elapsed time spent in this place.
 B = Non-inter-level travel time spent in this place.
 C = Inter-level travel time spent in this place.
 D = Time resting spent in this place.
 E = Time spent auto-exploring this place.
 F = Levels seen in this place.
 G = Mean time per level.
                   A        B        C        D        E       F      G
               +--------+--------+--------+--------+--------+-----+--------+
         Total |    291 |    291 |      0 |      0 |    245 |   1 |  291.0 |
       Dungeon |    291 |    291 |      0 |      0 |    245 |   1 |  291.0 |
               +--------+--------+--------+--------+--------+-----+--------+

Top non-repeatable levels by time:
     D:1: 291 daAuts
